AoeStats
← MKNG | Sr. MnKo

Baltic

512839203Analyzed
4v4 RM · 6d ago on Oct 11, 2026· 68m 39s· 8 players
Game mode
Random Map
Map size
Large (8 player)
Population
200
Speed
Normal
Resources
Standard
Victory
Conquest
Starting age
Dark Age
Ending age
Imperial Age
RankedLock teamsTeams togetherTeam positionsShared explorationLock speedFull tech treeHidden civsTurbo modeCheats
Victory
Defeat
🇨🇴 Koreans · Colombia
1043
+14
🇺🇸 Jurchens · United States
965
+17
🇲🇽 Dravidians · Mexico
947
+18
🇲🇽 Huns · Mexico
875
+21
vs
🇨🇳 Mongols · China
1015
-19
🇨🇳 Aztecs · China
1013
-18
🇩🇪 Spanish · Germany
979
-17
🇺🇸 Franks · United States
958
-16
Blizzard
10:36 Feudal Age
15:07 Castle Age
12:53 Loom
14:57 Double-Bit Axe
17:16 Bow Saw
27:58 Wheelbarrow
31:44 Imperial Age
29:34 Gold Mining
29:34 Stone Mining
30:47 Husbandry
31:23 Scale Barding Armor
31:29 Forging
31:10 Fletching
31:45 Ballistics
31:21 Murder Holes
31:52 Cavalier
33:51 Gold Shaft Mining
33:54 Chain Barding Armor
34:10 Iron Casting
33:31 Bodkin Arrow
35:01 Conscription
35:31 Hand Cart
39:31 Chemistry
38:40 Siege Engineers
38:14 Paladin
57:41 Light Cavalry
58:54 Man-at-Arms
59:20 Gambesons
[doGs] Charlie the Bird.
3:03 Loom
13:34 Feudal Age
19:12 Castle Age
18:33 Double-Bit Axe
18:51 Stone Mining
18:55 Gold Mining
19:05 Town Watch
21:08 Wheelbarrow
22:25 Fortified Wall
22:36 Ballistics
23:24 Fletching
23:32 Murder Holes
26:16 Bodkin Arrow
28:14 Stone Shaft Mining
29:11 Horse Collar
31:23 Hand Cart
37:16 Imperial Age
35:43 Bow Saw
35:52 Medium Warships
36:51 Masonry
36:52 Clinker Construction
36:53 Careening
39:02 Chemistry
38:26 Shipwright
38:16 Bracer
38:26 Forging
38:17 Scale Mail Armor
39:47 Two-Man Saw
39:15 Medium Warships
39:30 Careening
39:07 Pikeman
39:48 Squires
39:24 Elite Cannon Galleon
40:30 Heavy Warships
40:13 Halberdier
40:39 Gambesons
41:53 Chain Mail Armor
42:14 Iron Casting
48:00 Heavy Plow
58:54 Arson
60:18 Town Patrol
66:48 Blast Furnace
66:19 Plate Mail Armor
66:23 Architecture
68:02 Hoardings
67:49 Conscription
68:12 Husbandry
68:23 Bloodlines
67:33 Light Cavalry
小叶最酷
7:16 Loom
9:41 Feudal Age
10:27 Double-Bit Axe
16:40 Castle Age
15:09 Horse Collar
19:33 Bow Saw
23:52 Fletching
24:04 Padded Archer Armor
26:04 Bloodlines
25:55 Husbandry
26:46 Bodkin Arrow
29:08 Heavy Plow
29:22 Gold Mining
30:44 Town Watch
32:09 Wheelbarrow
34:55 Imperial Age
33:05 Scale Barding Armor
33:11 Forging
32:23 Light Cavalry
34:05 Hand Cart
37:26 Chemistry
36:49 Ballistics
37:30 Chemistry
36:47 Hussar
38:10 Bracer
38:25 Leather Archer Armor
38:20 Thumb Ring
39:23 Conscription
39:55 Chain Barding Armor
39:59 Masonry
40:28 Parthian Tactics
41:11 Murder Holes
41:47 Elite Steppe Lancer
45:20 Heavy Camel Rider
49:08 Capped Ram
51:15 Nomads
52:16 Leather Archer Armor
52:37 Iron Casting
56:20 Elite Skirmisher
69:12 Hoardings
3932332020
MKNG NavyBlock
10:06 Loom
11:52 Feudal Age
14:11 Fishing Lines
15:01 Double-Bit Axe
19:01 Castle Age
18:02 Wheelbarrow
19:10 Gold Mining
19:10 Stone Mining
20:24 Bow Saw
21:35 Gold Shaft Mining
21:36 Stone Shaft Mining
23:10 Gillnets
24:31 Hand Cart
31:43 Imperial Age
29:14 Treadmill Crane
30:37 Fletching
30:48 Padded Archer Armor
36:50 Bloodlines
36:40 Husbandry
38:52 Hoardings
38:26 Elite Steppe Lancer
40:08 Scale Barding Armor
40:14 Forging
41:08 Elite Iron Pagoda
49:25 Chemistry
49:09 Heavy Scorpion
50:06 Arson
50:21 Squires
50:07 Gambesons
51:26 Iron Casting
50:51 Scale Mail Armor
51:12 Chain Barding Armor
51:39 Siege Engineers
51:55 Ballistics
55:29 Elite Fire Lancer
61:02 Two-Man Saw
62:44 Plate Barding Armor
63:11 Blast Furnace
62:27 Chain Mail Armor
62:29 Leather Archer Armor
62:09 Bodkin Arrow
MKNG | Carrillo
11:33 Feudal Age
16:17 Wheelbarrow
18:09 Castle Age
16:18 Double-Bit Axe
16:16 Horse Collar
18:35 Gold Mining
22:40 Heavy Plow
22:53 Bow Saw
25:11 Stone Mining
25:56 Gold Shaft Mining
27:32 Wheelbarrow
31:47 Imperial Age
29:36 Hand Cart
29:09 Town Watch
29:20 Fletching
29:30 Padded Archer Armor
33:01 Leather Archer Armor
32:51 Town Patrol
33:53 Two-Man Saw
34:18 Elite Tarkan
35:21 Scale Barding Armor
36:00 Marauders
36:44 Conscription
37:48 Chain Barding Armor
40:24 Plate Barding Armor
41:50 Bodkin Arrow
42:06 Forging
41:56 Scale Mail Armor
41:31 Sappers
54:54 Guilds
56:22 Caravan
60:43 Husbandry
60:54 Bloodlines
MKNG | Sr. MnKo
8:44 Loom
11:12 Feudal Age
18:16 Castle Age
17:23 Fishing Lines
18:05 Scale Mail Armor
18:41 Forging
18:26 Double-Bit Axe
18:24 Horse Collar
18:59 Stone Mining
19:24 Medium Warships
21:44 Gillnets
24:20 Demolition Ship
26:14 Wheelbarrow
27:58 Hand Cart
30:33 Medical Corps
31:50 Husbandry
32:01 Scale Barding Armor
32:33 Iron Casting
33:05 Chain Barding Armor
37:30 Imperial Age
37:34 Chain Mail Armor
39:13 Town Watch
42:43 Blast Furnace
41:50 Gold Mining
43:08 Town Patrol
44:03 Conscription
50:13 Heavy Warships
49:28 Pikeman
50:08 Squires
52:39 Halberdier
60:17 Clinker Construction
60:19 Careening
60:35 Shipwright
61:16 Chemistry
61:44 Ballistics
62:33 Chemistry
61:26 Heated Shot
61:40 Heated Shot
61:29 Siege Elephant
64:50 Gambesons
MKNG | MSP
7:06 Loom
11:37 Feudal Age
12:07 Loom
16:28 Castle Age
14:55 Fletching
15:28 Double-Bit Axe
15:33 Horse Collar
15:59 Loom
16:25 Fishing Lines
18:06 Bow Saw
18:18 Crossbowman
20:46 Wheelbarrow
21:06 Thumb Ring
30:53 Imperial Age
30:23 Hand Cart
31:42 Bodkin Arrow
31:54 Arbalester
34:40 Chemistry
34:00 Ballistics
36:46 Siege Engineers
43:56 Bracer
45:59 Clinker Construction
46:11 Shipwright
47:24 Forging
47:15 Scale Mail Armor
47:52 Medium Warships
47:03 Elite Turtle Ship
47:34 Pikeman
48:16 Squires
48:54 Iron Casting
49:43 Chain Mail Armor
50:28 Halberdier
51:49 Heavy Warships
52:32 Elite Skirmisher
57:37 Plate Mail Armor
57:58 Ballistics
59:17 Two-Man Saw
64:58 Caravan
66:16 Arson
Connection lost

Rejoining the realm…

Still unreachable

The connection could not be restored.

Session expired

The server has moved on; the page needs a fresh start.